 Dungeon Crawl Stone Soup version 0.29.0-5-ge4962eb29e (webtiles) character file.

Game seed: 13301619030946892304

1078 ExZ the Covered (level 8, 0/55 (56) HPs)
             Began as a Human Artificer on Aug 29, 2022.
             Was an Initiate of Elyvilon.
             Succumbed to Crazy Yiuf's poison
             ... on level 5 of the Dungeon.
             The game lasted 00:14:51 (7950 turns).

ExZ the Covered (Human Artificer)                   Turns: 7950, Time: 00:14:51

HP:   0/55 (56)     AC: 11    Str: 12 (13) XL:     8   Next: 54%
MP:   8/8           EV:  7    Int: 16 (17) God:    Elyvilon [......]
Gold: 196           SH:  0    Dex: 11 (12) Spells: 7/7 levels left

rFire   . . .      SeeInvis .   b - +3 hand axe (protect)
rCold   . . .      Faith    .   (no shield)
rNeg    . . .      Spirit   .   u - +0 chain mail
rPois   .          Reflect  .   (no helmet)
rElec   .          Harm     .   (no cloak)
rCorr   .          Rampage  .   v - +0 pair of gloves
Will    .....                   (no boots)
Stlth   ..........              (no amulet)
HPRegen 0.18/turn               (no ring)
MPRegen 0.11/turn               (no ring)

@: lethally poisoned (0 -> -4), hasted, lightly drained, very quick
A: clever 1, deterioration 2, frail 1, high MP 1, no potion heal 1
a: Renounce Religion


You were on level 5 of the Dungeon.
You worshipped Elyvilon.
Elyvilon was noncommittal.
You visited 2 branches of the dungeon, and saw 7 of its levels.

You collected 286 gold pieces.
You spent 90 gold pieces at shops.

Inventory:

Hand Weapons
 b - a +3 hand axe of protection (weapon)
 l - a +2 vorpal falchion
 r - a +0 spear
 t - a +0 hand axe of venom
Missiles
 a - 7 javelins
Armour
 u - a +0 chain mail (worn)
 v - a +0 pair of gloves (worn)
Wands
 d - a wand of charming (16)
Scrolls
 f - 2 scrolls of amnesia
 h - a scroll of vulnerability
 i - a scroll of torment
 p - 4 scrolls of fog
Potions
 m - 2 potions of flight


   Skills:
 + Level 5.4 Fighting
 + Level 5.7 Armour
 + Level 5.4 Dodging
 - Level 1.0 Stealth
 - Level 3.0 Evocations


You had 7 spell levels left.
You didn't know any spells.
Your spell library contained the following spells:

 Spells                   Type           Power      Damage    Failure   Level
 Magic Dart               Conj           0%         1d3       100%        1
 Call Imp                 Summ           0%         N/A       100%        2
 Gell's Gravitas          Tloc           0%         N/A       100%        3
 Mephitic Cloud           Conj/Pois/Air  0%         N/A       100%        3
 Portal Projectile        Hex/Tloc       0%         N/A       100%        3
 Teleport Other           Tloc           0%         N/A       100%        3
 Tukima's Dance           Hex            0%         N/A       100%        3
 Blade Hands              Tmut           0%         N/A       100%        5
 Dispersal                Tloc           0%         N/A       100%        6


Dungeon Overview and Level Annotations

Branches:
Dungeon (6/15)             Temple (1/1) D:5

Altars:
Ashenzari
Cheibriados
Dithmenos
Elyvilon
Gozag
Hepliaklqana
Kikubaaqudgha
Nemelex Xobeh
Okawaru
Ru
Sif Muna
Trog
Vehumet
Wu Jian
Xom
Yredelemnul
Zin
The Shining One

Shops:
D:4 =


Innate Abilities, Weirdness & Mutations

Your mind is acute. (Int +4, Str/Dex -1)
Your body often deteriorates upon taking damage.
You are frail. (-10% HP)
You have an increased reservoir of magic. (+10% MP)
Potions are less effective at restoring your health.


Message History

Crazy Yiuf hits you with a +2 quarterstaff of chaos.
You slash Crazy Yiuf!
Crazy Yiuf is severely wounded.
You feel sick.
Crazy Yiuf hits you with a +2 quarterstaff of chaos!
Your body deteriorates!
You feel weakened. Crazy Yiuf freezes you.
You hit Crazy Yiuf.
Crazy Yiuf is almost dead.
You feel very sick.
Crazy Yiuf hits you with a +2 quarterstaff of chaos.
* * * LOW HITPOINT WARNING * * *
You are lethally poisoned!
Unknown command.
You hit Crazy Yiuf.
You kill Crazy Yiuf!
* * * LOW HITPOINT WARNING * * *
You feel very sick.
You feel your strength returning.
* * * LOW HITPOINT WARNING * * *
You feel sick.
There is an open translucent door here.
Things that are here:
a +2 quarterstaff of chaos; a +1 cloak of stealth
Okay, then.
Okay, then.
Okay, then.
* * * LOW HITPOINT WARNING * * *
You feel sick.
* * * LOW HITPOINT WARNING * * *
You feel sick.
* * * LOW HITPOINT WARNING * * *
You feel sick.
* * * LOW HITPOINT WARNING * * *
You feel sick.
* * * LOW HITPOINT WARNING * * *
You feel sick.
* * * LOW HITPOINT WARNING * * *
You feel sick.
You die...

##### ###...##
#...#..##
#.####..##### ###
##...... ######
##### ######.
##.#..## ###..)#
############
#......####.).@.#
#..........#
#.......#..##...#
#...........
#.##...#.########
#...........
#..#######
##...........
##.#
#.###........ #.#
##.###.....#..
#.#
##.........##.#
#.####
##.........###.#
#....###
#.....#.#..###..


There were no monsters in sight!

Vanquished Creatures
  Grinder (D:5)
  2 water moccasins (D:5)
  A black bear (D:5)
  An ogre (D:4)
  3 hounds
  Crazy Yiuf (D:5)
  2 orc priests
  Terence (D:3)
  2 iguanas
  An orc wizard (D:5)
  8 adders
  A gnoll (D:1)
  A white imp (D:4)
  3 ufetubi (D:5)
  A worm (D:5)
  2 dart slugs
  10 orcs
  4 ball pythons
  6 endoplasms
  A giant cockroach (D:1)
  9 goblins
  7 hobgoblins
  8 jackals
  6 quokkas
  A bat (D:2)
  7 frilled lizards
  4 kobolds
  11 rats
105 creatures vanquished.

Vanquished Creatures (collateral kills)
  An adder (D:2)
  A dart slug (D:2)
  A giant cockroach (D:2)
  A goblin (D:2)
  A hobgoblin (D:2)
  A ball python (D:1)
6 creatures vanquished.

Vanquished Creatures (others)
  A wizard (D:3)
  A scorpion (D:5)
  3 adders (D:2)
5 creatures vanquished.

Grand Total: 116 creatures vanquished

Notes
Turn   | Place    | Note
-------+----------+-------------------------------------------
     0 | D:1      | ExZ the Human Artificer began the quest for the Orb.
     0 | D:1      | Reached XP level 1. HP: 15/15 MP: 1/1
   248 | D:1      | Reached XP level 2. HP: 16/21 MP: 2/2
  1081 | D:1      | Reached XP level 3. HP: 27/27 MP: 3/3
  1643 | D:2      | Reached XP level 4. HP: 24/33 MP: 4/4
  2375 | D:2      | Reached XP level 5. HP: 38/39 MP: 5/5
  2382 | D:2      | Found a faded altar of an unknown god.
  3211 | D:3      | Noticed Terence
  3234 | D:3      | Killed Terence
  3835 | D:3      | Reached XP level 6. HP: 40/47 MP: 6/6
  4288 | D:3      | Found a bloodstained altar of Trog.
  4289 | D:3      | Noticed a wizard
  4295 | D:3      | Killed a wizard
  4335 | D:4      | Found Zin's Purification Station.
  4335 | D:4      | Found a shimmering blue altar of Sif Muna.
  4337 | D:4      | Found a glowing silver altar of Zin.
  4342 | D:4      | Bought a potion of curing for 90 gold pieces
  4353 | D:4      | Found Zaick's Jewellery Emporium.
  4427 | D:4      | Noticed an ogre
  4433 | D:4      | Killed an ogre
  4994 | D:4      | Reached XP level 7. HP: 53/53 MP: 7/7
  5365 | D:5      | Entered Level 5 of the Dungeon
  5365 | D:5      | Noticed a water moccasin
  5489 | D:5      | Gained mutation: You occasionally lose the ability to drink
                  | potions when taking damage. [potion of mutation]
  5489 | D:5      | Gained mutation: Your body sometimes deteriorates upon
                  | taking damage. [potion of mutation]
  5489 | D:5      | Gained mutation: You are agile. (Dex +4, Str/Int -1)
                  | [potion of mutation]
  5628 | D:5      | Found a staircase to the Ecumenical Temple.
  5629 | D:5      | Lost mutation: You are agile. (Dex +4, Str/Int -1) [potion
                  | of mutation]
  5629 | D:5      | Lost mutation: You occasionally lose the ability to drink
                  | potions when taking damage. [potion of mutation]
  5629 | D:5      | Gained mutation: Your mind is acute. (Int +4, Str/Dex -1)
                  | [potion of mutation]
  5629 | D:5      | Gained mutation: You are frail. (-10% HP) [potion of
                  | mutation]
  5629 | D:5      | Gained mutation: You have hidden genetic defects. [potion
                  | of mutation]
  5629 | D:5      | Gained mutation: You have an increased reservoir of magic.
                  | (+10% MP) [potion of mutation]
  5646 | D:5      | Noticed Grinder
  5660 | D:5      | Killed Grinder
  5661 | D:5      | Gained mutation: Potions are less effective at restoring
                  | your health. [hidden defects]
  5916 | Temple   | Entered the Ecumenical Temple
  6021 | Temple   | Became a worshipper of Elyvilon the Healer
  6044 | D:5      | Killed a water moccasin
  6045 | D:5      | Reached skill level 5 in Armour
  6045 | D:5      | Reached XP level 8. HP: 44/54 MP: 8/8
  6073 | D:5      | Gained mutation: Your body often deteriorates upon taking
                  | damage. [hidden defects]
  6073 | D:5      | Lost mutation: You have hidden genetic defects. [hidden
                  | defects expressed]
  6443 | D:5      | Reached skill level 5 in Fighting
  6443 | D:5      | Reached skill level 5 in Dodging
  6683 | D:5      | Found a hazy altar of Hepliaklqana.
  6850 | D:5      | Found a runed translucent door.
  6851 | D:5      | Noticed Crazy Yiuf
  7941 | D:5      | Killed Crazy Yiuf
  7947 | D:5      | HP: 2/55 [poisoned by Crazy Yiuf]
  7950 | D:5      | Succumbed to Crazy Yiuf's poison

Illustrated notes

Levels and vault maps discovered:
D:1:      dpeg_arrival_boxes_within_box, layout_loops_ring
D:2:      layout_loops_cross, hellmonk_ecumenical_altar_prayer_group,
          skrybe_limestone_x, minmay_joined_circles
D:3:      layout_basic, trog_wizard, uniq_terence
D:4:      layout_basic, zin_purify, nicolae_sif_muna_condensation, serial_shops,
          kennysheep_mini, eino_tiny_chamber, nicolae_kite_square_tiling_tiny,
          minmay_crossroads
D:5:      layout_rooms, lemuel_crystal_altar, temple_doors_e, uniq_grinder,
          uniq_crazy_yiuf_cottage
D:6:      layout_basic, gup_sewer_entry_spiral, minmay_misc_feat_x
Temple:   nicolae_temple_ecumenical_triangle

Skill      XL: |  1  2  3  4  5  6  7  8 |
---------------+-------------------------+-----
Fighting       | 2 3 4 5 |  5.4
Dodging        | 2 3 4 5 |  5.4
Armour         | 3 4 5 |  5.7
Stealth        | |  1.0
Evocations     | |  3.0

Action                   |  1- 3 |  4- 6 |  7- 9 || total
-------------------------+-------+-------+-------++-------
Melee: Club              |    75 |       |       ||    75
       Whip              |    20 |    86 |       ||   106
       Spear             |       |   110 |       ||   110
       Falchion          |       |    64 |   110 ||   174
       Hand axe          |       |       |     8 ||     8
Evoke: Wand              |     6 |    19 |     8 ||    33
  Use: Scroll            |       |     1 |    13 ||    14
       Potion            |       |     1 |     7 ||     8
 Stab: Sleeping          |     1 |     2 |       ||     3
       Distracted        |       |     1 |       ||     1
Armor: Leather armour    |    23 |    39 |       ||    62
       Chain mail        |       |    78 |    81 ||   159
       Skin              |       |       |    12 ||    12
Dodge: Dodged            |    72 |   136 |    54 ||   262
